cohdb
Replays
Latest Replays
All Replays
Popular Replays
Top Player Replays
Match Explorer
How It Works
Community
CoH3 Stats
Reddit
Sign in to upload your games and track your stats! →
Sign in with Steam
Match 47327554
Unlisted
Match 47327554
Overview
Messages
Build Orders
End
Royal Engineer Section
Selects Australian Defense Battlegroup
Selects Australian Light Infantry Section
Australian Light Infantry Section
Construct Section Command Post
Infantry Section
Construct Field Infirmary
ML 3-inch Mortar Team
Selects 2-pounder Anti-tank Gun Team
Construct Platoon Command Post
Humber Armored Car
Infantry Section
Selects CMP 15cwt Supply Run
Grenade Package
Infantry Training
Selects Reinforced Resource Caches
Vickers Machine Gun Team
2-pounder Anti-tank Gun Team
Construct Company Command Post
Foot Guards Section
Matilda II Heavy Tank
Selects Archer Tank Destroyer
Archer Tank Destroyer
TBells
Thank You Chef
0
0
Comments
sign in to comment!
No comments posted yet!